Map: Newkirk Precinct TE (Void)

Players

Osvaldico - Winner!

  • Race: Zerg Zerg
  • League: Diamond
  • Spawn Location: 7:00

Musumeci

  • Race: Zerg Zerg
  • League: Diamond
  • Spawn Location: 5:00

VOD

Have the link to the VOD?

Description

Time

  • Played on: April 2, 2017, 2:38 p.m.
  • Length: 7:00
Show
View Real Time Build Order
Export as new Build Order

Osvaldico Zerg - Winner!

Build Orders: Pool First 

Get SALT Encoding   

  12  0:01  Drone  
  13  0:14  Overlord  
  13  0:19  Drone  
  14  0:33  Drone x2  
  16  0:36  Drone  
  17  0:46  Spawning Pool  
  16  0:50  Drone  
  17  1:04  Extractor  
  16  1:15  Hatchery  
  16  1:18  Drone  
  16  1:20  Drone  
  16  1:25  Drone  
  18  1:34  Queen  
  20  1:42  Drone  
  21  1:48  Zergling x2  
  21  1:52  Overlord  
  22  2:08  Metabolic Boost  
  22  2:09  Queen  
  24  2:15  Zergling x2  
  24  2:18  Drone  
  26  2:28  Drone x2  
  28  2:40  Baneling Nest  
  28  2:44  Drone x4  
  31  3:08  Hatchery  
  31  3:11  Drone x2  
  32  3:13  Overlord  
  32  3:19  Zergling x4  
  34  3:25  Zergling x4  
  36  3:37  Zergling x10  
  41  3:45  Zergling x2  
  41  3:47  Overlord  
  42  4:00  Evolution Chamber  
  41  4:06  Baneling  
  40  4:10  Zergling x4  
  40  4:11  Zergling x2  
  40  4:15  Baneling  
  40  4:16  Baneling x2  
  40  4:28  Zergling x10  
  40  4:29  Zergling x2  
  41  4:46  Zergling x2  
  41  4:47  Zergling x8  
  46  4:56  Baneling x3  
  46  4:57  Zerg Melee Weapons Level 1  
  46  5:00  Zergling x2  
  46  5:01  Zergling x6  
  46  5:03  Baneling  
  46  5:04  Overlord x3  
  44  5:34  Zergling x26  
  57  5:39  Baneling x4  
  55  5:48  Baneling  
  54  5:50  Baneling x2  
  54  5:58  Zergling x12  
  54  6:01  Zergling x2  
  59  6:10  Baneling  
  50  6:12  Zergling x6  
  50  6:13  Zergling x2  
  50  6:16  Baneling x3  
  50  6:17  Baneling  
  54  6:32  Zergling x2  
  54  6:33  Zergling x8  
Show
View Real Time Build Order
Export as new Build Order

Musumeci Zerg 

Build Orders: Hatch First 

Get SALT Encoding   

  12  0:01  Drone  
  13  0:08  Drone  
  14  0:18  Overlord  
  14  0:24  Drone, Extractor  
  15  0:49  Hatchery  
  14  0:53  Drone  
  14  0:54  Drone  
  16  0:58  Drone  
  17  1:14  Spawning Pool  
  17  1:16  Extractor  
  17  1:18  Drone  
  16  1:22  Drone  
  17  1:26  Drone  
  18  1:36  Drone  
  19  1:47  Overlord  
  19  1:59  Drone  
  19  2:00  Queen  
  22  2:01  Zergling x2  
  22  2:05  Queen  
  25  2:08  Drone  
  25  2:12  Drone  
  27  2:18  Metabolic Boost  
  27  2:27  Drone  
  27  2:29  Drone  
  29  2:39  Queen  
  31  2:47  Drone x3  
  31  2:48  Drone  
  35  2:53  Overlord  
  34  2:59  Overlord  
  34  3:04  Baneling Nest  
  33  3:07  Zergling x2  
  33  3:09  Zergling x2  
  35  3:21  Overlord  
  35  3:24  Zergling x8  
  39  3:35  Overlord  
  40  3:41  Zergling x8  
  43  3:50  Baneling x3  
  43  3:57  Baneling  
  43  3:58  Zergling x10  
  43  3:59  Zergling x2  
  44  4:21  Zergling x8  
  48  4:29  Baneling  
  48  4:30  Baneling x2  
  41  4:49  Zergling x2  
  41  4:50  Zergling x12  
  44  5:20  Baneling x4  
  42  5:41  Drone x8  
  49  5:45  Extractor  
  49  5:47  Roach Warren  
  46  5:50  Baneling x2  
  46  5:51  Baneling x6  
  46  5:56  Hatchery  
  41  6:16  Zergling x22  
Tags
 
Add a new tag
Caveats
  • Supply blocks, unpowered buildings, or Contaminate may cause inaccurate times.
  • Supply counts are checked every 10 seconds.